 Dungeon Crawl Stone Soup version 0.29.0-11-gd7f09526c8 (webtiles) character file.

Game seed: 2997543419683061918

1486 SensoryNuts the Sneak (level 8, -4/54 HPs)
             Began as an Octopode Fighter on Sept 3, 2022.
             Slain by a komodo dragon (7 damage)
             ... on level 6 of the Dungeon.
             The game lasted 00:06:19 (8027 turns).

SensoryNuts the Sneak (Octopode Fighter)            Turns: 8027, Time: 00:06:20

Health: -4/54      AC:  1    Str: 15    XL:     8   Next: 80%
Magic:  8/8        EV: 14    Int: 10    God:
Gold:   340        SH:  7    Dex: 14    Spells: 7/7 levels left

rFire   + . .      SeeInvis .   a - +1 rapier
rCold   . . .      Faith    .   o - +2 buckler
rNeg    . . .      Spirit   .   (helmet restricted)
rPois   .          Reflect  .   (no amulet)
rElec   .          Harm     .   i - ring of willpower
rCorr   .          Rampage  .   q - ring of protection from fire
Will    +....                   (no ring)
Stlth   ++++......              (no ring)
HPRegen 0.18/turn               (no ring)
MPRegen 0.11/turn               (no ring)
                                (no ring)
                                (no ring)

@: about to teleport, hasted, very quick
A: almost no armour, amphibious, 8 rings, camouflage 1, gelatinous body 1,
(nimble swimmer 1), tentacles
a: no special abilities


You were on level 6 of the Dungeon.
You visited 2 branches of the dungeon, and saw 7 of its levels.

You collected 340 gold pieces.

Inventory:

Hand Weapons
 a - a +1 rapier (weapon)
Armour
 o - a +2 buckler (worn)
Jewellery
 c - a ring of positive energy
 i - a ring of willpower (left tentacle)
 q - a ring of protection from fire (right tentacle)
Wands
 s - a wand of flame (23)
Scrolls
 b - 2 scrolls of identify
 e - 2 scrolls of teleportation
 l - 2 scrolls of enchant armour
 p - a scroll of poison {unknown}
 r - a scroll of amnesia {unknown}
Potions
 d - 2 potions of lignification
 f - a potion of flight
 j - 2 potions of brilliance
 k - a potion of berserk rage {unknown}
 m - a potion of mutation {unknown}
 n - 2 potions of attraction {unknown}


   Skills:
 + Level 4.6 Fighting
 + Level 5.8(6.6) Short Blades
 * Level 4.5(5.9) Long Blades
 + Level 4.9 Dodging
 + Level 6.5 Stealth
 + Level 4.0 Shields


You had 7 spell levels left.
You didn't know any spells.
Your spell library was empty.

Dungeon Overview and Level Annotations

Branches:
Dungeon (6/15)             Temple (1/1) D:6

Altars:
Ashenzari
Cheibriados
Dithmenos
Elyvilon
Gozag
Hepliaklqana
Nemelex Xobeh
Okawaru
Qazlal
Ru
Sif Muna
Trog
Uskayaw
Vehumet
Wu Jian
Xom
Yredelemnul
Zin
The Shining One

Shops:
D:1 :   D:3 (   D:4 *[


Innate Abilities, Weirdness & Mutations

You cannot wear most types of armour.
You are amphibious.
You can wear up to eight rings at the same time.
Your skin changes colour to match your surroundings (Stealth+).
Your rubbery body absorbs attacks. (AC +1, EV +1)
((You are camouflaged when in or above water. (Stealth+)))
You have tentacles for arms and can constrict up to eight enemies at once.


Message History

Unknown command.
You feel yourself speed up. You block the komodo dragon's attack.
You hit the komodo dragon.
The komodo dragon is lightly wounded.
You hit the komodo dragon but do no damage.
The komodo dragon is lightly wounded.
The komodo dragon bites you!!
* * * LOW HITPOINT WARNING * * *
Unknown command.
You feel much better.
You closely miss the komodo dragon.
You tentacle-slap the komodo dragon, but do no damage.
The komodo dragon is lightly wounded.
The komodo dragon barely misses you.
You closely miss the komodo dragon. Your squeeze misses the komodo dragon.
The komodo dragon is lightly wounded.
You block the komodo dragon's attack.
You hit the komodo dragon.
The komodo dragon is lightly wounded.
You hit the komodo dragon but do no damage.
Your squeeze misses the komodo dragon.
The komodo dragon is lightly wounded.
The komodo dragon bites you!
You hit the komodo dragon but do no damage.
Your squeeze misses the komodo dragon.
The komodo dragon is lightly wounded.
The komodo dragon bites you!
* * * LOW HITPOINT WARNING * * *
You feel much better.
You hit the komodo dragon but do no damage.
You squeeze the komodo dragon.
The komodo dragon is moderately wounded.
The komodo dragon bites you!!
Ouch! That really hurt!
* * * LOW HITPOINT WARNING * * *
Unknown command.
Okay, then.
As you read the scroll of teleportation, it crumbles to dust.
You feel strangely unstable. The komodo dragon bites you!
You die...

#####..#######...#.#..
#..# #.#......# #..#
#.#.#.#..# #..#
#.#...#..#
#..#######)#...#..#
#..#....)).........
#..#....##.....#..
....... #.....#..#
.#.. #..@l....# ...
#...#.#..# ..
#......... .
#...###..# #.... ...
..##.# ## ##. .. ## ..


You could see a komodo dragon.

Vanquished Creatures
  A steam dragon (D:6)
  A water moccasin (D:6)
  A black bear (D:6)
  A sky beast (D:6)
  An ogre (D:4)
  A phantom (D:5)
  2 scorpions (D:5)
  3 necrophages
  A howler monkey (D:6)
  2 hounds
  An orc priest (D:6)
  2 jellies (D:6)
  7 iguanas
  3 orc wizards
  7 adders
  A white imp (D:6)
  2 ufetubi
  3 worms
  4 dart slugs
  8 orcs
  8 ball pythons
  5 endoplasms
  6 giant cockroaches
  10 goblins
  11 hobgoblins
  2 jackals (D:3)
  5 kobolds
  3 quokkas
  3 bats
  A frilled lizard (D:2)
  4 rats
110 creatures vanquished.

Notes
Turn   | Place    | Note
-------+----------+-------------------------------------------
     0 | D:1      | SensoryNuts the Octopode Fighter began the quest for the
                  | Orb.
     0 | D:1      | Reached XP level 1. HP: 16/16 MP: 1/1
   214 | D:1      | Reached XP level 2. HP: 18/21 MP: 2/2
   713 | D:1      | Found Naitenk's Book Boutique.
   912 | D:1      | Reached XP level 3. HP: 26/26 MP: 3/3
  1002 | D:2      | Reached skill level 1 in Long Blades
  1304 | D:2      | Reached skill level 1 in Stealth
  1512 | D:2      | Identified the +9 short sword of Immorality {vorpal, rF-
                  | rN++ Will+}
  1534 | D:2      | Reached XP level 4. HP: 31/31 MP: 4/4
  2042 | D:2      | Found a faded altar of an unknown god.
  2805 | D:3      | Reached skill level 2 in Stealth
  3003 | D:3      | Found Uwoutif's Weapon Boutique.
  3289 | D:4      | Found Zaurphom's Gadget Gallery.
  3307 | D:4      | Reached XP level 5. HP: 32/36 MP: 5/5
  3307 | D:4      | Noticed an ogre
  3615 | D:4      | Reached skill level 3 in Stealth
  3916 | D:4      | Reached XP level 6. HP: 21/42 MP: 6/6
  4140 | D:4      | Found Ziruthrur's Armour Shop.
  4396 | D:4      | Found a hide-covered altar of Uskayaw.
  4432 | D:4      | You fall into a shaft and drop 2 floors!
  4466 | D:5      | Entered Level 5 of the Dungeon
  4545 | D:4      | Reached skill level 4 in Stealth
  4804 | D:4      | Found a glowing silver altar of Zin.
  4808 | D:4      | Found a stormy altar of Qazlal.
  4812 | D:4      | Found an opulent altar of Gozag.
  5260 | D:5      | Found a hazy altar of Hepliaklqana.
  5284 | D:5      | Reached XP level 7. HP: 7/47 MP: 7/7
  6045 | D:5      | Reached skill level 5 in Stealth
  6397 | D:6      | Reached skill level 5 in Short Blades
  6397 | D:6      | Reached XP level 8. HP: 54/54 MP: 8/8
  6670 | D:6      | Found a broken altar of Ashenzari.
  6844 | D:6      | Reached skill level 6 in Stealth
  7495 | D:6      | Found a staircase to the Ecumenical Temple.
  7571 | Temple   | Entered the Ecumenical Temple
  8011 | D:6      | Noticed a komodo dragon
  8018 | D:6      | HP: 1/54 [komodo dragon (21)]
  8027 | D:6      | Slain by a komodo dragon

Illustrated notes

Levels and vault maps discovered:
D:1:      nzn_arrival_water_spiral, layout_basic, serial_shops,
          nicolae_lakefront_shop
D:2:      kennysheep_six_static_rooms, layout_basic,
          chequers_ecumenical_altar_simple
D:3:      layout_loops_ring, serial_shops, shop, minmay_ruptured
D:4:      layout_loops_ring, nicolae_uskayaw_suspiria,
          grunt_temple_overflow_diamond, serial_shops, shop,
          nicolae_shop_gadgets
D:5:      cheibrodos_helix_gallery, layout_cave_pools, lemuel_round_altar
D:6:      layout_basic, makhleb_heckhound_becter, evilmike_ruin_ashenzari,
          temple_doors_e
Temple:   cyrus_circular_temple

Skill      XL: |  1  2  3  4  5  6  7  8 |
---------------+-------------------------+-----
Long Blades    | 1 2 3 4 |  4.5
Stealth        | 1 2 3 4 5 6 |  6.5
Short Blades   | 3 4 5 |  5.8
Dodging        | 4 |  4.9
Fighting       | 4 |  4.6
Shields        | 4 |  4.0

Action                   |  1- 3 |  4- 6 |  7- 9 || total
-------------------------+-------+-------+-------++-------
Melee: Rapier            |    59 |   106 |   116 ||   281
       Constrict         |    19 |    19 |    20 ||    58
       Tentacles         |    11 |    18 |    27 ||    56
       Punch             |     3 |     2 |     5 ||    10
  Use: Scroll            |       |     8 |     4 ||    12
       Potion            |       |     2 |     3 ||     5
 Stab: Sleeping          |     6 |    11 |     6 ||    23
       Distracted        |       |     2 |       ||     2
Armor: Skin              |     1 |     3 |     6 ||    10
Dodge: Dodged            |    24 |    38 |    58 ||   120
Block: Buckler           |    17 |    17 |    29 ||    63
